 Dungeon Crawl Stone Soup version 0.18.1-48-g4cf74bf (webtiles) character file.

88 dvd the Magician (level 4, -4/24 HPs)
             Began as a Deep Elf Fire Elementalist on Aug 25, 2016.
             Slain by an ogre
             ... wielding a +0 giant club
              (15 damage)
             ... on level 4 of the Dungeon.
             The game lasted 00:06:09 (3096 turns).

dvd the Magician (Deep Elf Fire Elementalist)       Turns: 3096, Time: 00:06:10

Health: -4/24      AC:  2    Str:  5    XL:     4   Next: 29%
Magic:  7/11       EV: 13    Int: 21    God:
Gold:   168        SH:  0    Dex: 15    Spells: 3 memorised, 3 levels left

rFire  . . .     SeeInvis .     f - +0 short sword
rCold  + . .     Gourm    .     a - +0 robe
rNeg   . . .     Faith    .     (no shield)
rPois  +         Spirit   .     (no helmet)
rElec  .         Dismiss  .     (no cloak)
rCorr  .         Reflect  .     (no gloves)
SustAt .         Harm     .     (no boots)
MR     .....                    (no amulet)
Stlth  ++........               n - ring of poison resistance
                                j - ring of protection from cold

@: very slightly contaminated, not resistant to hostile enchantments, unstealthy
A: no striking features
a: no special abilities


You were on level 4 of the Dungeon.
You were not hungry.

You visited 1 branch of the dungeon, and saw 4 of its levels.

You collected 168 gold pieces.

Inventory:

Hand Weapons
 f - a +0 short sword (weapon)
Armour
 a - a +0 robe (worn)
Jewellery
 j - a ring of protection from cold (left hand)
 n - a ring of poison resistance (right hand)
Wands
 l - a wand of confusion (17/48)
 u - a wand of disintegration (8/24)
Scrolls
 e - 4 scrolls of identify {unknown}
 g - 3 scrolls of teleportation {unknown}
 i - 3 scrolls of remove curse {unknown}
 o - a scroll of noise {unknown}
 s - 2 scrolls of enchant armour {unknown}
 t - a scroll of enchant weapon {unknown}
 w - a scroll of random uselessness {unknown}
Potions
 d - 3 potions of curing {unknown}
 k - a potion of haste {unknown}
 p - 2 potions of heal wounds {unknown}
 q - 2 potions of might {unknown}
 r - a potion of invisibility {unknown}
 v - a potion of mutation {unknown}
 x - a potion of agility {unknown}
Books
 b - a book of Flames

   Spells                             Type                      Level
   a - Flame Tongue                   Conjuration/Fire             1
   b - Throw Flame                    Conjuration/Fire             2
   c - Conjure Flame                  Conjuration/Fire             3
   d - Inner Flame                    Hexes/Fire                   3
   e - Sticky Flame                   Conjuration/Fire             4
   f - Fireball                       Conjuration/Fire             5
Comestibles
 c - 3 bread rations
 h - a meat ration
 m - a slice of pizza
 z - a chunk of flesh


   Skills:
 + Level 0.1 Fighting
 + Level 3.0 Dodging
 + Level 3.4 Stealth
 + Level 3.8 Spellcasting
 + Level 2.4 Conjurations
 * Level 3.8 Fire Magic


You had 3 spell levels left.
You knew the following spells:

 Your Spells              Type           Power        Failure   Level  Hunger
a - Flame Tongue          Conj/Fire      ###..        3%          1    None
b - Throw Flame           Conj/Fire      ###...       6%          2    #......
c - Sticky Flame          Conj/Fire      ###.....     34%         4    ####...


Dungeon Overview and Level Annotations

Branches:
Dungeon (4/15)
 Temple: D:4-7

Altars:
Pakellas


Message History

Press: ? - help, Shift-Dir - straight line, f/p - ogre
Aim: an ogre, wielding a giant club (moderately wounded)
The flame tongue hits the ogre.
The ogre is heavily wounded.
Casting: Flame Tongue
Confirm with . or Enter, or press ? or * to list all spells.
Aiming: Flame Tongue
Press: ? - help, Shift-Dir - straight line, f/p - ogre
Aim: an ogre, wielding a giant club (heavily wounded)
You miscast Flame Tongue.
You are very lightly contaminated with residual magic.
Strange energies run through your body. The ogre hits you but does no damage.
Casting: Flame Tongue
Confirm with . or Enter, or press ? or * to list all spells.
Aiming: Flame Tongue
Press: ? - help, Shift-Dir - straight line, f/p - ogre
Aim: an ogre, wielding a giant club (heavily wounded)
The flame tongue misses the ogre.
The ogre hits you with a giant club!
Ouch! That really hurt!
You die...

## ####< #..).
##########.##.
#...........#.
############.###########.
#.......@O.....#.........
#.....######.#.#.########
#.....# #.#.#.# #.....#
###.#.#.# #.....#
#.....#.#
#)....####.....#.#
#.....'..+.....#.#
#.....####.....#.#
#..............#.#


You could see an ogre.

Vanquished Creatures
  3 adders (D:2)
  A howler monkey skeleton (D:4)
  A worm (D:2)
  A giant gecko (D:4)
  4 orcs
  A giant cockroach (D:3)
  2 goblins (D:1)
  6 hobgoblins
  2 jackals (D:1)
  7 kobolds
  9 bats
  5 giant newts
  2 rats
44 creatures vanquished.

Notes
Turn   | Place    | Note
--------------------------------------------------------------
     0 | D:1      | dvd the Deep Elf Fire Elementalist began the quest for the Orb.
     0 | D:1      | Reached XP level 1. HP: 10/10 MP: 6/6
   766 | D:1      | Reached XP level 2. HP: 15/15 MP: 4/8
   915 | D:1      | Learned a level 2 spell: Throw Flame
  1100 | D:2      | Reached XP level 3. HP: 14/19 MP: 2/9
  2055 | D:3      | Found an oddly glowing altar of Pakellas.
  2374 | D:3      | Reached XP level 4. HP: 24/24 MP: 4/11
  2383 | D:3      | Learned a level 4 spell: Sticky Flame
  2806 | D:4      | Noticed an ogre
  3096 | D:4      | Slain by an ogre

Skill      XL: |  1  2  3  4 |
---------------+-------------+-----
Conjurations   | 2 |  2.4
Stealth        | 3 |  3.4
Dodging        | 3 |  3.0
Fighting       | |  0.1
Spellcasting   | |  3.8
Fire Magic     | |  3.8

Action                   |  1- 3 |  4- 6 || total
-------------------------+-------+-------++-------
Melee: Short sword       |    14 |     3 ||    17
 Cast: Flame Tongue      |    44 |    14 ||    58
       Throw Flame       |    10 |     5 ||    15
 Stab: Sleeping          |     6 |     2 ||     8
  Eat: Chunk             |     5 |     2 ||     7
Armor: Robe              |     7 |     3 ||    10
Dodge: Dodged            |    32 |     7 ||    39
